Cogmind - Beta 14 *** ADVENTURER MODE // 2025.03.27 @ 17:53:45 // Winter2019/RPGLIKE Player: Lava Result: Destroyed by B-99 Colossus with Linear Accelerator Performance ------------- Evolutions (9) 4500 Regions Visited (17) 3400 Robots Destroyed (368) 1840 Value Destroyed (16835) 16835 Prototype IDs (77) 1540 Alien Tech Used (0) 0 Bonus (9100) 9100 TOTAL SCORE: 37215 Bonus ------- High Alert Combat Kills 3176 Follower Combat Kills 100 Entered DSFs 500 Aligned with FarCom 300 Met Warlord at Base 500 MAIN.C Attacked Warlord 500 Warlord Defense Kills 140 Met Warlord at Research 2000 Invited to Help at Command 2000 Friendly Fire -116 Cogmind --------- Core Integrity 0/2100 Matter 8/550 Energy 190/190 System Corruption 14% Temperature Cool (0) Movement Flying (15) Location -1/Access Parts ------- > --- POWER (1) -------- Light Quantum Reactor > --- PROPULSION (4) --- Cooled Nuclear Pulse Thruster (fused) Cooled Nuclear Pulse Thruster Cooled Nuclear Pulse Thruster Cooled Field Propulsion Drive > --- UTILITY (10) ----- Advanced Weight Redist. System Experimental Sensor Array Advanced Signal Interpreter Advanced Reaction Control System Advanced Hacking Suite Advanced Hacking Suite Advanced Hacking Suite Improved System Shield Experimental System Shield Trap Reconfigurator > --- WEAPON (5) ------- Railgun Railgun Helical Railgun Heavy Gauss Cannon Makeshift Sword > --- INVENTORY (3) ---- Advanced Hacking Suite Hypervelocity Mass Driver Fusion Bomb Launcher Peak State ------------ > --- POWER ------------ Light Quantum Reactor > --- PROPULSION ------- Cooled Nuclear Pulse Thruster Cooled Nuclear Pulse Thruster Cooled Nuclear Pulse Thruster Cooled Field Propulsion Drive > --- UTILITY ---------- Advanced Weight Redist. System Experimental Sensor Array Advanced Signal Interpreter Advanced Reaction Control System Advanced Hacking Suite Advanced Hacking Suite Advanced Hacking Suite Improved System Shield Experimental System Shield Trap Reconfigurator > --- WEAPON ----------- Railgun Railgun Helical Railgun Heavy Gauss Cannon Fusion Bomb Launcher > --- INVENTORY -------- Advanced Hacking Suite Hypervelocity Mass Driver Makeshift Sword [Rating: 141] Favorites ----------- Power Light Deuterium Engine Engine Light Deuterium Engine Power Core Fission Core Reactor Light Quantum Reactor Propulsion Medium Treads Treads Medium Treads Flight Unit Cooled Nuclear Pulse Thruster Utility Hacking Suite Device Trap Reconfigurator Processor Improved Signal Interpreter Hackware Hacking Suite Protection Weapon Shielding Weapon Gauss Rifle Energy Gun Vortex Rifle Energy Cannon Vortex Cannon Ballistic Gun Gauss Rifle Ballistic Cannon Heavy Gauss Cannon Launcher Heavy Rocket Launcher Special Weapon Molecular Deconstructor Impact Weapon Hammer Slashing Weapon Makeshift Sword Build | -11 -10 -10 -10 -9 -8 -7 -6 -6 -5 -5 -5 -5 -4 -4 -3 -2 -1 ------- Run | Yrd Mat Min Exi Min Mat Fac Fac DSF Fac Upp Upp War Pro Fac Res Res Acc Slots Evolved 16 | 3 1 . . . 5 1 . . 2 . . 1 1 . 1 . 1 Power . | . . . . . . . . . . . . . . . . . . Propulsion 3 | 1 . . . . 2 . . . . . . . . . . . . Utility 9 | 1 1 . . . 3 1 . . 1 . . . . . 1 . 1 Weapon 4 | 1 . . . . . . . . 1 . . 1 1 . . . . Parts Attached 139 | 5 5 1 1 4 18 17 2 5 11 10 1 7 1 13 16 12 10 Power 10 | 1 . 1 . . . 1 1 . . . . . . 1 . 4 1 Engine 3 | 1 . 1 . . . 1 . . . . . . . . . . . Core 1 | . . . . . . . 1 . . . . . . . . . . Reactor 6 | . . . . . . . . . . . . . . 1 . 4 1 Propulsion 21 | 2 . . . . 8 5 . . 1 . . . . 4 . . 1 Treads 10 | 2 . . . . 7 1 . . . . . . . . . . . Leg . | . . . . . . . . . . . . . . . . . . Wheel . | . . . . . . . . . . . . . . . . . . Hover . | . . . . . . . . . . . . . . . . . . Flight 11 | . . . . . 1 4 . . 1 . . . . 4 . . 1 Utility 40 | . 3 . 1 1 8 4 1 1 4 . . 2 . 2 7 4 2 Device 16 | . . . 1 1 1 2 . . 1 . . 2 . 1 4 2 1 Storage . | . . . . . . . . . . . . . . . . . . Processor 8 | . 2 . . . 2 . 1 . . . . . . 1 1 1 . Hackware 12 | . . . . . 3 1 . 1 3 . . . . . 2 1 1 Protection 4 | . 1 . . . 2 1 . . . . . . . . . . . Artifact . | . . . . . . . . . . . . . . . . . . Weapon 68 | 2 2 . . 3 2 7 . 4 6 10 1 5 1 6 9 4 6 Energy Gun 5 | 1 . . . . . . . . . . . 2 1 . 1 . . Energy Cannon 2 | . . . . . . . . . . . . 2 . . . . . Ballistic Gun 29 | 1 2 . . 2 1 4 . 1 4 4 . 1 . 1 6 2 . Ballistic Cannon 7 | . . . . . 1 1 . 2 . . . . . 2 1 . . Launcher 9 | . . . . . . . . 1 . 2 1 . . 1 . 1 3 Special Weapon 1 | . . . . . . . . . . 1 . . . . . . . Impact Weapon 3 | . . . . 1 . 2 . . . . . . . . . . . Slashing Weapon 12 | . . . . . . . . . 2 3 . . . 2 1 1 3 Piercing Weapon . | . . . . . . . . . . . . . . . . . . Special Melee Weapon . | . . . . . . . . . . . . . . . . . . Unidentified Prototypes 13 | . . . . 1 1 . . . 1 1 . 3 . 2 3 1 . Parts Lost 1 | . . 1 . . . . . . . . . . . . . . . Power . | . . . . . . . . . . . . . . . . . . Propulsion . | . . . . . . . . . . . . . . . . . . Utility 1 | . . 1 . . . . . . . . . . . . . . . Weapon . | . . . . . . . . . . . . . . . . . . Highest Loss Streak 1 | . . 1 . . . . . . . . . . . . . . . To Critical Strikes . | . . . . . . . . . . . . . . . . . . Average Slot Usage (%) 97 | . 89 97 93 99 97 99 100 93 99 99 93 93 93 94 96 100 100 Engine 5 | . 13 12 12 12 8 7 3 . . . . . . . . . . Reactor 1 | . . . . . . . . . . . . . . 3 5 5 5 Treads 16 | . 27 25 25 25 33 26 . . . . . . . . . . . Flight 9 | . . . . . . 2 28 28 25 25 25 23 22 22 21 21 20 Device 14 | . . . 5 14 17 14 14 14 16 18 18 17 16 16 15 20 20 Processor 8 | . 11 25 25 22 11 7 7 7 6 6 6 5 5 5 4 . 5 Hackware 17 | . . . . . 5 25 28 22 25 25 25 23 22 22 25 26 25 Protection 1 | . 8 10 . . 2 . . . . . . . . . . . . Ballistic Gun 13 | . 26 25 25 23 12 12 14 2 3 5 . . 5 5 12 15 15 Ballistic Cannon 3 | . . . . . 5 1 . 9 12 11 . . . 4 5 5 5 Slashing Weapon 1 | . . . . . . . . . . . 2 . . 4 4 4 4 Peak Build Rating 141 | 5 8 9 18 27 56 65 68 73 91 99 96 105 110 123 136 132 141 Average Rating 68 | 3 6 8 13 20 39 59 66 68 83 91 96 101 106 117 125 129 137 On Entrance 66 | . 5 8 9 18 27 56 65 68 73 91 96 96 103 110 123 129 127 Naked Turns . | . . . . . . . . . . . . . . . . . . Heaviest Build 62 | 7 10 10 10 12 20 20 20 30 35 37 25 33 38 40 49 52 62 Greatest Support 117 | 45 45 45 45 45 117 117 30 30 40 40 40 40 40 44 56 54 66 Greatest Overweight (x) . | . . . . . . . . . . . . . . . . . . Average Overweight (x) . | . . . . . . . . . . . . . . . . . . Largest Inventory Capacity 3 | 1 2 2 2 2 2 2 2 2 2 2 2 2 2 2 3 3 3 Average Capacity 2 | 1 1 2 2 2 2 2 2 2 2 2 2 2 2 2 2 3 3 Most Carried 3 | 1 2 2 2 2 2 2 2 2 2 2 2 2 2 2 3 3 3 Average Carried 2 | . 1 1 2 2 2 1 2 2 2 2 2 2 1 1 2 2 2 Final Capacity 3 | 1 2 2 2 2 2 2 2 2 2 2 2 2 2 2 3 3 3 Final Carried 3 | . 2 2 2 2 2 2 2 2 2 2 2 2 1 2 3 3 3 Class Distribution -------------------- 31% | Hacker-Skirmisher 25% | Wizard-Scout 14% | Mutant 12% | Skirmisher 9% | Wizard-Sprinter 6% | Hacker-Scout Dominant Class ---------------- Mutant | -10/Materials Mutant | -10/Mines Mutant | -10/Exiles Skirmisher | -9/Mines Skirmisher | -8/Materials Hacker-Skirmisher | -7/Factory Hacker-Skirmisher | -6/Factory Hacker-Scout | -6/DSF Hacker-Scout | -5/Factory Wizard-Sprinter | -5/Upper Caves Wizard-Sprinter | -5/Upper Caves Wizard-Sprinter | -5/Warlord Wizard-Sprinter | -4/Proximity Caves Wizard-Scout | -4/Factory Wizard-Scout | -3/Research Wizard-Scout | -2/Research Wizard-Scout | -1/Access Resources | -11 -10 -10 -10 -9 -8 -7 -6 -6 -5 -5 -5 -5 -4 -4 -3 -2 -1 ----------- Run | Yrd Mat Min Exi Min Mat Fac Fac DSF Fac Upp Upp War Pro Fac Res Res Acc Matter Collected 11536 | 250 278 36 . 206 926 1619 . 236 1164 564 321 79 141 586 1737 1504 1889 Remotely . | . . . . . . . . . . . . . . . . . . Salvage Created 12112 | . 529 . . 245 1535 2339 . 275 740 466 214 . 49 366 1676 1057 2621 Parts 762 | . 29 5 . 15 97 158 . 10 48 14 3 4 11 36 117 51 164 Haulers Intercepted 5 | . 1 . . . . . . . . . . . . . 1 . 3 Recyclers Shooed 2 | . . . . . 1 1 . . . . . . . . . . . Parts Field Recycled . | . . . . . . . . . . . . . . . . . . Retrieved Matter . | . . . . . . . . . . . . . . . . . . Parts Self-Destructed 27 | . . . . . . . . . . 14 2 . 11 . . . . Prevented . | . . . . . . . . . . . . . . . . . . Kills | -11 -10 -10 -10 -9 -8 -7 -6 -6 -5 -5 -5 -5 -4 -4 -3 -2 -1 ------- Run | Yrd Mat Min Exi Min Mat Fac Fac DSF Fac Upp Upp War Pro Fac Res Res Acc Combat Hostiles Destroyed 292 | . 13 4 . 9 35 48 . 7 23 15 10 2 8 13 31 28 46 Melee 3 | . . . . 2 . . . . . . . . . . . . 1 Guns 160 | . 13 4 . 7 22 45 . 1 2 1 . . 1 2 21 19 22 Cannons 78 | . . . . . 13 2 . 2 21 11 . . . 5 10 7 7 AOE 41 | . . . . . . 1 . 4 . 3 3 . 6 6 . 2 16 Classes Destroyed 22 | . 4 1 . 2 6 2 . 2 . 1 . . . . . 3 1 Worker 12 | . . . . . 2 3 . . . . . . . . 1 . 6 Builder 18 | . . . . . 1 3 . . 4 . . . . 1 4 . 5 Hauler 5 | . 1 . . . . . . . . . . . . . 1 . 3 Recycler 5 | . . . . . 1 3 . . 1 . . . . . . . . Mechanic 1 | . . . . . . . . . . . . . . . . . 1 Operator 10 | . . . . . 2 3 . . 1 . . . . . 1 . 3 Watcher 35 | . 3 . . . 5 5 . . 3 . . . . 3 8 1 7 Swarmer 68 | . 6 . . . 6 . . . 8 2 1 2 5 5 7 9 17 Cutter 6 | . . . . . . . . 3 . . . . . . 3 . . Grunt 95 | . 7 2 . 5 16 31 . 2 4 9 4 . . . 4 2 9 Brawler 9 | . . . . 3 1 . . . . 2 3 . . . . . . Duelist 4 | . . . . . . 3 . . . . . . . . . . 1 Sentry 46 | . . . . . 10 7 . 1 3 1 2 . . 2 9 8 3 Demolisher 2 | . . 2 . . . . . . . . . . . . . . . Hunter 23 | . . . . . 2 4 . . 2 . . . 2 2 2 2 7 Programmer 28 | . . . . . . 3 . . 6 . . . . 4 4 2 9 Heavy 2 | . . . . . . . . 1 . . . . . . 1 . . Behemoth 5 | . . . . . . . . . . 1 . . 1 . 1 2 . Striker 1 | . . . . . . . . . . . . . . . . 1 . Executioner 1 | . . . . . . . . . . . . . . . . 1 . Assembled 1 | . . . . 1 . . . . . . . . . . . . . Fireman 1 | . . . . . . . . . . . . . . . . 1 . Best Kill Streak 15 | . 4 2 . 3 7 5 . 5 7 7 6 2 6 7 8 5 15 Combat Bots Only 10 | . 4 2 . 3 6 3 . 5 4 7 6 2 6 6 8 5 10 Max Kills in Single Turn 6 | . 1 1 . 1 2 2 . 2 2 3 1 1 5 6 2 3 6 Gunslinging 1 | . . . . . 1 . . . . . . . . . . . . Exploded 6 | . . . . . . 1 . 2 . 3 1 . 5 5 . 2 6 Melee 1 | . . . . 1 . . . . . . . . . . . . 1 Uniques/NPCs Destroyed . | . . . . . . . . . . . . . . . . . . Combat | -11 -10 -10 -10 -9 -8 -7 -6 -6 -5 -5 -5 -5 -4 -4 -3 -2 -1 -------- Run | Yrd Mat Min Exi Min Mat Fac Fac DSF Fac Upp Upp War Pro Fac Res Res Acc Hostile Shots Fired 1669 | . 59 27 . 56 113 403 . 20 67 51 33 13 51 85 171 102 418 Missed 676 | . 17 3 . 18 31 112 . 13 30 24 16 8 21 33 73 49 228 Damage Taken 14709 | . 369 637 . 435 908 2566 . 215 509 402 337 113 469 1265 1930 1157 3397 Core 11710 | . 292 459 . 348 706 2020 . 169 402 327 294 92 376 1022 1538 941 2724 Absorbed by Shields 40 | . . . . . . . . . 40 . . . . . . . . Redirected to Core 9940 | . 204 406 . 290 589 1729 . 169 344 260 156 74 320 871 1381 769 2378 Redirected to Shielding 71 | . 9 62 . . . . . . . . . . . . . . . Ignored by Resistances 4645 | . 112 174 . 131 262 783 . 58 156 109 90 31 133 341 619 374 1272 Core Remaining (%) 78 | 100 . . . 100 95 87 . 79 . . . . 85 33 30 100 . Volleys Fired 730 | . 43 15 . 18 78 175 . 13 43 28 22 5 9 37 83 60 101 Largest 5 | . 2 2 . 2 2 2 . 2 3 3 2 3 3 3 4 5 5 Hottest 221 | . 40 40 . 43 72 72 . 114 144 153 39 72 73 112 169 221 221 Shots Fired 1912 | . 86 30 . 36 154 350 . 26 109 81 23 10 26 75 282 235 389 Gun 1357 | . 86 30 . 36 113 329 . 7 23 21 . 4 13 40 201 174 280 Cannon 488 | . . . . . 41 21 . 12 86 55 . . . 34 81 60 98 Launcher 39 | . . . . . . . . 7 . 5 7 2 5 1 . 1 11 Special 28 | . . . . . . . . . . . 16 4 8 . . . . Kinetic 1837 | . 86 30 . 36 154 350 . 19 109 76 . 3 9 71 282 234 378 Thermal . | . . . . . . . . . . . . . . . . . . Explosive 39 | . . . . . . . . 7 . 5 7 2 5 1 . 1 11 Electromagnetic . | . . . . . . . . . . . . . . . . . . Entropic 8 | . . . . . . . . . . . . 1 4 3 . . . Robot Hit Streak 116 | . 18 13 . 41 71 46 . 26 78 37 38 41 24 30 34 116 81 Robot Miss Streak 3 | . 3 1 . 1 2 2 . . 2 1 . 1 . 1 2 1 1 Penetration Max 1 | . . . . . 1 1 . 1 1 1 . . . 1 1 1 1 Secondary Targets 8 | . 2 1 . . 3 2 . . . . . . . . . . . Max Gunslinging Chain 1 | . 1 1 . . 1 1 . . . . . . . . . . . Shots Hit Robots 1499 | . 66 26 . 37 135 305 . 24 78 67 18 7 21 65 211 182 257 Core Hits 736 | . 28 10 . 18 113 140 . 18 39 31 9 2 11 26 88 58 145 Critical Kills 9 | . . 1 . 1 1 3 . . 1 . . . . . . . 2 Critical Parts Destroyed 14 | . . . . 1 2 5 . . 1 . . . . . 1 1 3 Critical Strikes 74 | . . 1 . 2 3 9 . . 11 5 . . . 5 11 11 16 Destroy 24 | . . 1 . . 3 9 . . 2 . . . . . 2 2 5 Blast 46 | . . . . . . . . . 9 5 . . . 5 9 9 9 Smash 2 | . . . . 2 . . . . . . . . . . . . . Sever 2 | . . . . . . . . . . . . . . . . . 2 Melee Attacks 53 | . . . . 12 . 5 . . 2 2 . . . 4 14 . 14 Impact 17 | . . . . 12 . 5 . . . . . . . . . . . Slashing 36 | . . . . . . . . . 2 2 . . . 4 14 . 14 Piercing . | . . . . . . . . . . . . . . . . . . Sneak Attacks . | . . . . . . . . . . . . . . . . . . Combat Hostiles . | . . . . . . . . . . . . . . . . . . Follow-up Attacks . | . . . . . . . . . . . . . . . . . . Damage Inflicted 49757 | . 771 325 . 663 2955 6629 . 1339 3194 2665 833 272 915 2904 7385 6408 12499 Guns 28392 | . 771 325 . 509 2086 5909 . 224 514 427 . 95 365 963 5039 4400 6765 Cannons 13804 | . . . . . 859 493 . 489 2680 1588 . . . 1165 2308 1732 2490 Explosions 6935 | . . . . . . 207 . 626 . 650 833 177 550 669 . 276 2947 Melee 574 | . . . . 132 . . . . . . . . . 107 38 . 297 Ramming 52 | . . . . 22 10 20 . . . . . . . . . . . Kinetic 41909 | . 771 325 . 509 2945 6402 . 713 3194 2015 . 55 223 2023 7347 6132 9255 Thermal 207 | . . . . . . 207 . . . . . . . . . . . Explosive 6728 | . . . . . . . . 626 . 650 833 177 550 669 . 276 2947 Electromagnetic . | . . . . . . . . . . . . . . . . . . Impact 132 | . . . . 132 . . . . . . . . . . . . . Slashing 442 | . . . . . . . . . . . . . . 107 38 . 297 Piercing . | . . . . . . . . . . . . . . . . . . Entropic 287 | . . . . . . . . . . . . 40 142 105 . . . Highest Corruption 14 | . . . . . 5 3 . . 6 6 6 6 1 1 4 2 14 Average Corruption 3 | . . . . . 5 2 . . 1 6 6 1 1 1 3 1 5 Corruption Purged . | . . . . . . . . . . . . . . . . . . Corruption Blocked . | . . . . . . . . . . . . . . . . . . Effects 138 | . . . . . 28 43 . . 6 13 5 . 1 5 13 2 22 Message Errors 39 | . . . . . 10 11 . . 3 2 2 . . 1 1 1 8 Matter Fused 33 | . . . . . 5 12 . . . 5 . . 1 2 3 . 5 Heat Flow Errors 13 | . . . . . 3 . . . 1 2 2 . . . 3 . 2 Energy Discharges 18 | . . . . . 5 8 . . . 1 1 . . 1 1 1 . Parts Rejected 1 | . . . . . . 1 . . . . . . . . . . . Parts Fused 4 | . . . . . 1 1 . . . 1 . . . . 1 . . Data Loss (minor) 14 | . . . . . 4 7 . . 1 . . . . 1 . . 1 Data Loss (major) 5 | . . . . . . 3 . . 1 1 . . . . . . . Misfires 3 | . . . . . . . . . . . . . . . 1 . 2 Weapon Failures 8 | . . . . . . . . . . 1 . . . . 3 . 4 Overload Shots . | . . . . . . . . . . . . . . . . . . Overflow Damage 891 | . . . . 34 . . . 54 120 65 12 . . 88 183 111 224 Projectiles 730 | . . . . . . . . 48 120 65 . . . 61 183 78 175 Explosions 127 | . . . . . . . . 6 . . 12 . . 27 . 33 49 Melee 34 | . . . . 34 . . . . . . . . . . . . . Knockbacks 78 | . . . . 1 20 9 . 3 8 7 . . . 12 6 4 8 Impact 1 | . . . . 1 . . . . . . . . . . . . . Kinetic 74 | . . . . . 18 9 . 3 8 7 . . . 11 6 4 8 Secondary 3 | . . . . . 2 . . . . . . . . 1 . . . Self-Inflicted Damage 248 | . . . . . . 52 . . . . . 38 . 67 . . 91 Shots 4 | . . . . . . 1 . . . . . 1 . 1 . . 1 Rammed 7 | . . . . 3 . 4 . . . . . . . . . . . Targets Rammed 8 | . . . . 3 1 4 . . . . . . . . . . . Kicked . | . . . . . . . . . . . . . . . . . . Crushed 1 | . . . . . 1 . . . . . . . . . . . . Highest Temperature 268 | . . . . 10 268 15 . . 82 140 189 . . 4 240 27 268 Average Temperature 56 | . . . . 10 76 5 . . 49 60 105 . . 4 89 5 57 Received Heat Transfer 3120 | . 198 51 . 234 432 1263 . 63 36 159 99 . 27 75 186 144 153 Siege Activations . | . . . . . . . . . . . . . . . . . . Robots Corrupted . | . . . . . . . . . . . . . . . . . . Combat Hostiles . | . . . . . . . . . . . . . . . . . . Parts Fried 2 | . . . . . . 2 . . . . . . . . . . . Impact Corruptions 1 | . . . . 1 . . . . . . . . . . . . . Robots Melted . | . . . . . . . . . . . . . . . . . . Combat Hostiles . | . . . . . . . . . . . . . . . . . . Parts Melted 2 | . . . . 1 . . . . . . . . . . . 1 . Heat Transferred 100 | . . . . . . 100 . . . . . . . . . . . Parts Sabotaged . | . . . . . . . . . . . . . . . . . . Parts Stolen . | . . . . . . . . . . . . . . . . . . Parts Stripped . | . . . . . . . . . . . . . . . . . . Power Chain Reactions . | . . . . . . . . . . . . . . . . . . Alert | -11 -10 -10 -10 -9 -8 -7 -6 -6 -5 -5 -5 -5 -4 -4 -3 -2 -1 ------- Run | Yrd Mat Min Exi Min Mat Fac Fac DSF Fac Upp Upp War Pro Fac Res Res Acc Peak Influence 2153 | . 182 50 . 254 299 291 64 234 628 . . . . 594 542 1115 2153 Initial 585 | . . . . . . 7 64 38 105 . . . . 104 . 231 585 Average 250 | . 50 27 . 71 144 81 64 174 432 . . . . 137 302 726 1245 Maximum Alert Level 5 | . . . . 1 1 1 . 1 2 . . . . 2 2 4 5 Low Security (%) 66 | 100 100 100 . 84 69 91 100 58 12 . . . . 85 26 . . Level 1 12 | . . . . 15 30 8 . 41 26 . . . . 3 40 6 . Level 2 10 | . . . . . . . . . 60 . . . . 10 33 45 2 Level 3 4 | . . . . . . . . . . . . . . . . 34 33 Level 4 4 | . . . . . . . . . . . . . . . . 13 45 Level 5 1 | . . . . . . . . . . . . . . . . . 18 High Security . | . . . . . . . . . . . . . . . . . . Max Security . | . . . . . . . . . . . . . . . . . . Squads Dispatched 47 | . . . . . 4 11 . 2 7 . 1 . . 5 5 1 11 Investigation 19 | . . . . . 4 6 . . 3 . . . . 3 . . 3 Extermination 12 | . . . . . . 4 . . 3 . . . . 2 2 . 1 Reinforcement 7 | . . . . . . 1 . 2 . . . . . . 2 1 1 Assault 6 | . . . . . . . . . 1 . 1 . . . 1 . 3 Garrison 3 | . . . . . . . . . . . . . . . . . 3 Intercept . | . . . . . . . . . . . . . . . . . . Searches Triggered . | . . . . . . . . . . . . . . . . . . Construction Impeded 1 | . . . . . . . . . . . . . . . . . 1 Haulers Reinforced 1 | . . . . . . . . . . . . . . . . 1 . Active Scanning Responses . | . . . . . . . . . . . . . . . . . . Cargo Convoy Interrupts . | . . . . . . . . . . . . . . . . . . Stealth | -11 -10 -10 -10 -9 -8 -7 -6 -6 -5 -5 -5 -5 -4 -4 -3 -2 -1 --------- Run | Yrd Mat Min Exi Min Mat Fac Fac DSF Fac Upp Upp War Pro Fac Res Res Acc Distress Signals 18 | . 3 . . . 4 . . . . . . . . . 3 3 5 Communications Jammed . | . . . . . . . . . . . . . . . . . . Distress Signals . | . . . . . . . . . . . . . . . . . . Times Spotted 414 | . 18 4 . 13 43 62 . 6 23 16 21 16 7 19 54 38 74 Peak Tracking Total 17 | . 6 2 . 4 4 4 . 2 5 7 10 8 5 5 7 12 17 Tactical Retreats 35 | . 1 . . . 1 6 . . 2 1 3 . . . 5 7 9 Traps | -11 -10 -10 -10 -9 -8 -7 -6 -6 -5 -5 -5 -5 -4 -4 -3 -2 -1 ------- Run | Yrd Mat Min Exi Min Mat Fac Fac DSF Fac Upp Upp War Pro Fac Res Res Acc Traps Triggered 20 | . 1 . . . 2 10 . 1 2 . . . . 1 1 . 2 Indirectly . | . . . . . . . . . . . . . . . . . . Trap Hack Attempts . | . . . . . . . . . . . . . . . . . . Triggered . | . . . . . . . . . . . . . . . . . . Disarmed . | . . . . . . . . . . . . . . . . . . Reprogrammed . | . . . . . . . . . . . . . . . . . . Reused 18 | . . . . . 2 11 . . 1 . . . . . 3 . 1 Traps Reconfigurated 156 | . . . . . 12 60 . 5 11 . . . . 10 48 . 10 Traps Extracted . | . . . . . . . . . . . . . . . . . . Installed . | . . . . . . . . . . . . . . . . . . Triggered 27 | . . . . . 2 12 . . 1 . . 8 . . 3 . 1 Machines | -11 -10 -10 -10 -9 -8 -7 -6 -6 -5 -5 -5 -5 -4 -4 -3 -2 -1 ---------- Run | Yrd Mat Min Exi Min Mat Fac Fac DSF Fac Upp Upp War Pro Fac Res Res Acc Machines Disabled 28 | . . . . . 1 6 . . 5 3 . . . 3 . 3 7 Max in Single Turn 2 | . . . . . 1 2 . . 2 1 . . . 1 . 1 1 Garrison Access 13 | . . . . . 1 2 . . 2 . . . . 1 2 2 3 Energy Cycler 1 | . . . . . . . . . . . . . . . . . 1 Machines Repaired . | . . . . . . . . . . . . . . . . . . Machines Dismantled . | . . . . . . . . . . . . . . . . . . Machines Sabotaged . | . . . . . . . . . . . . . . . . . . Overloaded Fab Kills . | . . . . . . . . . . . . . . . . . . Hacking | -11 -10 -10 -10 -9 -8 -7 -6 -6 -5 -5 -5 -5 -4 -4 -3 -2 -1 --------- Run | Yrd Mat Min Exi Min Mat Fac Fac DSF Fac Upp Upp War Pro Fac Res Res Acc Machines Accessed 94 | . 7 . 1 1 13 22 1 . 10 1 . 4 . 12 12 2 8 Terminals 65 | . 7 . . . 12 15 1 . 6 1 . . . 9 8 1 5 Fabricators 10 | . . . . . . 5 . . 2 . . . . 2 1 . . Repair Stations . | . . . . . . . . . . . . . . . . . . Recycling Units . | . . . . . . . . . . . . . . . . . . Scanalyzers 1 | . . . . . . . . . . . . . . . 1 . . Garrison Access 12 | . . . . . 1 2 . . 2 . . . . 1 2 1 3 Total Hacks 272 | . 26 . 1 1 56 53 1 . 25 6 . 13 . 27 38 3 22 Successful 174 | . 12 . 1 1 31 40 1 . 15 6 . 13 . 24 22 1 7 Failed 96 | . 14 . . . 24 13 . . 9 . . . . 3 16 2 15 Catastrophic 17 | . 2 . . . 4 1 . . 2 . . . . . 3 2 3 Database Lockouts 2 | . . . . . 1 . . . 1 . . . . . . . . Manual 116 | . 21 . 1 . 23 19 . . 13 1 . . . 3 21 2 12 Terminals 212 | . 26 . . . 52 38 1 . 17 6 . . . 22 30 2 18 Fabricators 26 | . . . . . . 12 . . 6 . . . . 4 4 . . Repair Stations . | . . . . . . . . . . . . . . . . . . Recycling Units . | . . . . . . . . . . . . . . . . . . Scanalyzers 2 | . . . . . . . . . . . . . . . 2 . . Garrison Access 17 | . . . . . 4 3 . . 2 . . . . 1 2 1 4 Terminal Hacks 132 | . 12 . 1 1 29 24 1 . 7 6 . 13 . 18 16 . 4 Record 14 | . . . . . 4 2 . . . 6 . 2 . . . . . Part Schematic 10 | . . . . . . 3 . . 2 . . . . 1 4 . . Robot Analysis 1 | . . . . . 1 . . . . . . . . . . . . Prototype ID Bank 25 | . 8 . . . 4 1 . . 1 . . 10 . 1 . . . Open Door 3 | . . . . 1 . . . . . . . 1 . 1 . . . Open DSF 4 | . . . . . . 2 1 . . . . . . 1 . . . Level Access Points 4 | . . . . . 1 1 . . . . . . . . 1 . 1 Branch Access Points 3 | . 1 . . . 1 . . . . . . . . . 1 . . Emergency Access Points 2 | . . . . . . 1 . . . . . . . . 1 . . Machine Index 1 | . . . . . . 1 . . . . . . . . . . . Terminal Index 6 | . 1 . . . 2 1 . . . . . . . 1 1 . . Fabricator Index 1 | . . . . . . 1 . . . . . . . . . . . Scanalyzer Index 2 | . . . . . . . . . . . . . . 1 1 . . Garrison Index 1 | . . . . . . . . . . . . . . 1 . . . Alert Level 6 | . . . . . 2 . . . 1 . . . . 1 1 . 1 Unreport Threat 20 | . . . . . 3 4 . . 3 . . . . 3 5 . 2 Locate Traps 10 | . . . . . 3 4 . . . . . . . 2 1 . . Disarm Traps 1 | . . . . . 1 . . . . . . . . . . . . Dispatch Records 5 | . 1 . . . 2 1 . . . . . . . 1 . . . Maintenance Status 2 | . 1 . . . 1 . . . . . . . . . . . . Surveillance Status 1 | . . . . . 1 . . . . . . . . . . . . Investigation Status 2 | . . . . . 1 . . . . . . . . 1 . . . Assault Status 1 | . . . . . 1 . . . . . . . . . . . . Recall Investigation 4 | . . . . . 1 1 . . . . . . . 2 . . . Hauler Manifests 2 | . . . . . . 1 . . . . . . . 1 . . . Derelict Proto ID Bank 1 | . . . 1 . . . . . . . . . . . . . . Fabricator Hacks 22 | . . . . . . 11 . . 6 . . . . 4 1 . . Network Status 3 | . . . . . . 3 . . . . . . . . . . . Load Schematic 10 | . . . . . . 4 . . 3 . . . . 2 1 . . Build 9 | . . . . . . 4 . . 3 . . . . 2 . . . Repair Station Hacks . | . . . . . . . . . . . . . . . . . . Recycling Unit Hacks . | . . . . . . . . . . . . . . . . . . Scanalyzer 2 | . . . . . . . . . . . . . . . 2 . . Insert Component 1 | . . . . . . . . . . . . . . . 1 . . Analyze 1 | . . . . . . . . . . . . . . . 1 . . Garrison Access Hacks 12 | . . . . . 1 2 . . 2 . . . . 1 2 1 3 Seal Access 12 | . . . . . 1 2 . . 2 . . . . 1 2 1 3 Unauthorized Hacks 6 | . . . . . 1 3 . . . . . . . 1 1 . . Terminals 6 | . . . . . 1 3 . . . . . . . 1 1 . . Assimilate 4 | . . . . . . 2 . . . . . . . 1 1 . . Operators 2 | . . . . . 1 1 . . . . . . . . . . . Fabricators . | . . . . . . . . . . . . . . . . . . Repair Stations . | . . . . . . . . . . . . . . . . . . Recycling Units . | . . . . . . . . . . . . . . . . . . Scanalyzers . | . . . . . . . . . . . . . . . . . . Garrison Access . | . . . . . . . . . . . . . . . . . . Data Cores Recovered 7 | . . . . . 2 1 . . 1 . . . . . 1 . 2 Used 2 | . . . . . . 1 . . . . . . . . . . 1 Hacking Detections 66 | . 7 . . . 12 17 . . 8 . . . . 8 7 1 6 Full Trace Events 14 | . . . . . 2 4 . . 3 . . . . 3 . . 2 Feedback Events 2 | . . . . . . . . . 1 . . . . 1 . . . Corruption 2 | . . . . . . . . . 1 . . . . 1 . . . Feedback Blocked 1 | . . . . . . . . . . . . . . . . . 1 Robot Schematics Acquired . | . . . . . . . . . . . . . . . . . . Robots Built . | . . . . . . . . . . . . . . . . . . Authchips . | . . . . . . . . . . . . . . . . . . Time . | . . . . . . . . . . . . . . . . . . Total Robot Build Rating . | . . . . . . . . . . . . . . . . . . Part Schematics Acquired 11 | . . . . . . 3 . . 2 . . . . 1 5 . . Parts Built 9 | . . . . . . 4 . . 3 . . . . 2 . . . Authchips 1 | . . . . . . . . . 1 . . . . . . . . Time 749 | . . . . . . 312 . . 212 . . . . 225 . . . Total Part Build Rating 46 | . . . . . . 16 . . 18 . . . . 12 . . . Parts Repaired . | . . . . . . . . . . . . . . . . . . Time . | . . . . . . . . . . . . . . . . . . Parts Recycled . | . . . . . . . . . . . . . . . . . . Recycled Matter . | . . . . . . . . . . . . . . . . . . Retrieved Matter . | . . . . . . . . . . . . . . . . . . Retrieved Components . | . . . . . . . . . . . . . . . . . . Parts Scanalyzed 1 | . . . . . . . . . . . . . . . 1 . . Part Schematics Acquired 1 | . . . . . . . . . . . . . . . 1 . . Parts Damaged . | . . . . . . . . . . . . . . . . . . Bothacking | -11 -10 -10 -10 -9 -8 -7 -6 -6 -5 -5 -5 -5 -4 -4 -3 -2 -1 ------------ Run | Yrd Mat Min Exi Min Mat Fac Fac DSF Fac Upp Upp War Pro Fac Res Res Acc Used RIF Installer . | . . . . . . . . . . . . . . . . . . Robots Hacked . | . . . . . . . . . . . . . . . . . . Non-combat . | . . . . . . . . . . . . . . . . . . Combat . | . . . . . . . . . . . . . . . . . . Robot Hacks Applied . | . . . . . . . . . . . . . . . . . . Relay Couplers Released 2 | . . . . . . . . . . . . . . . . 2 . Machine Destruction 2 | . . . . . . . . . . . . . . . . 2 . Fabnet Peak Effective % . | . . . . . . . . . . . . . . . . . . Robots Rewired . | . . . . . . . . . . . . . . . . . . Allies Hacked . | . . . . . . . . . . . . . . . . . . Hacks Repelled . | . . . . . . . . . . . . . . . . . . Allies | -11 -10 -10 -10 -9 -8 -7 -6 -6 -5 -5 -5 -5 -4 -4 -3 -2 -1 -------- Run | Yrd Mat Min Exi Min Mat Fac Fac DSF Fac Upp Upp War Pro Fac Res Res Acc Total Allies 18 | . . . . 2 . 14 . . . . . . . 1 1 . . Largest Group 4 | . . . . 2 . 4 . . . . . . . 1 2 . . Highest-Rated Group 90 | . . . . 50 . 90 . . . . . . . 10 55 . . Highest-Rated Ally 45 | . . . . 31 . 31 . . . . . . . 10 45 . . Total Orders . | . . . . . . . . . . . . . . . . . . Ally Attacks 37 | . . . . 22 . 15 . . . . . . . . . . . Total Damage 349 | . . . . 267 . 82 . . . . . . . . . . . Kills 5 | . . . . 4 . 1 . . . . . . . . . . . Allies Corrupted 2 | . . . . 1 . . . . . . . . . . 1 . . Allies Melted 1 | . . . . . . . . . . . . . . . . 1 . Intel | -11 -10 -10 -10 -9 -8 -7 -6 -6 -5 -5 -5 -5 -4 -4 -3 -2 -1 ------- Run | Yrd Mat Min Exi Min Mat Fac Fac DSF Fac Upp Upp War Pro Fac Res Res Acc Robot Analysis Total 1 | . . . . . 1 . . . . . . . . . . . . Derelict Logs Recovered 8 | . . 2 . 3 . . . . . . 2 . 1 . . . . Drone Launches . | . . . . . . . . . . . . . . . . . . Drone Recoveries . | . . . . . . . . . . . . . . . . . . Exploration | -11 -10 -10 -10 -9 -8 -7 -6 -6 -5 -5 -5 -5 -4 -4 -3 -2 -1 ------------- Run | Yrd Mat Min Exi Min Mat Fac Fac DSF Fac Upp Upp War Pro Fac Res Res Acc Turns Passed 17190 | 62 1456 722 341 830 2043 5013 16 119 945 401 329 629 196 942 967 1151 1028 Spaces Moved 19367 | 38 804 412 213 433 1043 3032 48 206 1408 1019 960 1049 569 1384 1872 2703 2174 Core 5 | 5 . . . . . . . . . . . . . . . . . Treads 5348 | 33 804 412 213 433 1043 2410 . . . . . . . . . . . Legs . | . . . . . . . . . . . . . . . . . . Wheels . | . . . . . . . . . . . . . . . . . . Hover . | . . . . . . . . . . . . . . . . . . Flight 14014 | . . . . . . 622 48 206 1408 1019 960 1049 569 1384 1872 2703 2174 Fastest Speed 15 | 50 160 160 160 160 160 26 26 26 26 26 26 26 26 26 15 27 15 Average Speed 63 | 145 160 160 160 160 160 132 26 26 26 26 26 26 26 26 26 27 26 Slowest Speed 160 | 160 160 160 160 160 160 160 26 26 26 26 26 26 26 27 27 27 27 Overloaded Moves 97 | . . . . . . . . . . . . . . . 16 . 81 Propulsion Burnouts . | . . . . . . . . . . . . . . . . . . Robots Hopped 75 | . . . . . . . . 1 11 . 2 . 1 11 23 18 8 Cave-ins Triggered . | . . . . . . . . . . . . . . . . . . Exploration Rate (%) 60 | 4 85 76 41 79 87 59 3 95 23 92 83 93 71 29 46 63 51 Regions Visited 17 Branch Regions 7 Pre-discovered Areas 3 | . . 1 . 1 . . . . . . 1 . . . . . . Known Exits Taken 15 | . 1 1 1 1 1 1 1 . 1 1 1 1 1 1 1 1 . Unknown Exits Taken 1 | 1 . . . . . . . . . . . . . . . . . Scrap Searched 16 | . . 2 . 3 . . . . . 5 4 . 2 . . . . Spaces Dug 115 | . . . . 1 . 5 . . 2 . . . . 1 38 10 58 Terrain Destroyed 750 | . . . . 1 7 49 . 30 56 48 51 35 38 57 140 76 162 Melee 27 | . . . . 1 . 5 . . 2 . . . . 1 13 . 5 Projectile 379 | . . . . . 7 2 . . 32 23 . 3 3 19 127 66 97 AOE 342 | . . . . . . 40 . 30 22 25 51 32 35 37 . 10 60 Terrain Rammed . | . . . . . . . . . . . . . . . . . . Walls Destroyed . | . . . . . . . . . . . . . . . . . . Machines Disabled . | . . . . . . . . . . . . . . . . . . Actions | -11 -10 -10 -10 -9 -8 -7 -6 -6 -5 -5 -5 -5 -4 -4 -3 -2 -1 --------- Run | Yrd Mat Min Exi Min Mat Fac Fac DSF Fac Upp Upp War Pro Fac Res Res Acc Total 22527 | 43 890 445 213 511 1263 3659 50 241 1875 1085 997 1390 587 1867 2103 2957 2351 Wait 1651 | . 19 7 . 3 64 306 . 1 355 3 10 310 . 418 62 76 17 Move 19216 | 37 803 411 212 432 1042 3031 47 203 1386 1018 955 1048 566 1362 1830 2674 2159 Hop 59 | . . . . . . . . 1 10 . 2 . 1 10 18 10 7 Pick Up 24 | 1 4 1 . . 1 2 . . . . . . 1 2 6 2 4 Fast Attach 62 | 4 3 . 1 1 11 9 . 1 5 3 . 6 . 6 8 3 1 Attach 10 | 1 1 . . . . . . . . . . . 1 1 5 . 1 Detach 1 | . . . . . . . . . . . . . . . 1 . . Swap 67 | . 1 1 . 3 7 8 2 4 6 7 1 1 . 6 3 9 8 Drop 76 | . 2 1 . 2 12 13 1 . 2 4 . 5 1 10 10 10 3 Fire 730 | . 43 15 . 18 78 175 . 13 43 28 22 5 9 37 83 60 101 Melee 53 | . . . . 12 . 5 . . 2 2 . . . 4 14 . 14 Ram . | . . . . . . . . . . . . . . . . . . Kick . | . . . . . . . . . . . . . . . . . . Crush 8 | . . . . 3 1 4 . . . . . . . . . . . Escape Stasis 46 | . . . . . . . . 18 28 . . . . . . . . Rewire . | . . . . . . . . . . . . . . . . . . Trap . | . . . . . . . . . . . . . . . . . . Miscellaneous 524 | . 14 9 . 37 47 106 . . 38 20 7 15 8 11 63 113 36 Route ------- -11/Scrapyard -10/Materials (discovered 4 exits: *Mat x3 / *Min) -10/Mines (discovered 2 exits: *Mat / *Exi) -10/Exiles (discovered 2 exits: *Min x2) -9/Mines -8/Materials (discovered 3 exits: *Fac x3) -7/Factory (discovered 6 exits: *Fac x4 / *Sto / Low) -6/Factory -6/DSF -5/Factory -5/Upper Caves -5/Upper Caves (discovered 2 exits: *Fac / *War) -5/Warlord -4/Proximity Caves -4/Factory (discovered 3 exits: *Res / *Upp / *Ext) -3/Research (discovered 5 exits: *Res x3 / *Tes x2) -2/Research (discovered 4 exits: *Acc x2 / *Qua x2) -1/Access (discovered 1 exit: Sur) History --------- Turn | Location | Event 1 | -11/Scrapyard | Upgraded with Propulsion slot (x1) 1 | -11/Scrapyard | Upgraded with Utility slot (x1) 1 | -11/Scrapyard | Upgraded with Weapon slot (x1) 11 | -11/Scrapyard | Discovered new exit (range 15) 63 | -11/Scrapyard | Entered Materials 177 | -10/Materials | Discovered new exit (range 4) 302 | -10/Materials | Build established: Mutant 375 | -10/Materials | Discovered new exit (range 14) 659 | -10/Materials | Discovered new exit (range 7) 846 | -10/Materials | Identified exit to Materials 907 | -10/Materials | Discovered exit to Materials (range 10) 942 | -10/Materials | Identified exit to Mines 1085 | -10/Materials | Reached level 2 1177 | -10/Materials | Upgraded with Utility slot (x1) 1519 | -10/Materials | Entered Mines 1575 | -10/Mines | Met a Derelict bent on vengeance 1769 | -10/Mines | Learned location of Zion (-6) 2032 | -10/Mines | Discovered exit to Materials (range 12) 2043 | -10/Mines | Assembled infested the area 2048 | -10/Mines | Assisted by a Guerilla fighting off Assembled 2114 | -10/Mines | Core integrity fell below 50% 2233 | -10/Mines | Deemed a non-threat by the Exiles lab entrance 2235 | -10/Mines | Discovered new exit (range 5) 2239 | -10/Mines | Identified exit to Exiles 2241 | -10/Mines | Entered Exiles 2242 | -10/Exiles | Identified exit to Mines 2280 | -10/Exiles | Met 8R-AWN 2304 | -10/Exiles | Met EX-HEX 2352 | -10/Exiles | Met EX-BIN 2371 | -10/Exiles | Reached level 3 2371 | -10/Exiles | Aligned with FarCom system 2373 | -10/Exiles | Given EX-Vault access code 2409 | -10/Exiles | Opened EX-Vault 2429 | -10/Exiles | Found Trap Reconfigurator 2459 | -10/Exiles | Warned to stay clear of 0b10 Research branches 2582 | -10/Exiles | Left Exiles lab with Trap Reconfigurator 2582 | -10/Exiles | Entered Mines 2796 | -9/Mines | Core integrity fell below 20% 2818 | -9/Mines | Reached level 4 2863 | -9/Mines | Learned Materials stockpile data 2870 | -9/Mines | Build established: Skirmisher 3215 | -9/Mines | Learned location of Recycling (-7) 3226 | -9/Mines | Found a damaged Exp. Sensor Array with a note attached 3230 | -9/Mines | Found Prototype Device 3230 | -9/Mines | Identified Exp. Sensor Array 3274 | -9/Mines | Excavation squad dispatched 3274 | -9/Mines | A large section of the Mines collapsed 3335 | -9/Mines | Discovered new exit (range 16) 3356 | -9/Mines | Found the Drone Emporium 3410 | -9/Mines | Identified exit to Materials 3412 | -9/Mines | Entered Materials 3414 | -8/Materials | Reached level 5 3414 | -8/Materials | Reached level 6 3417 | -8/Materials | Upgraded with Propulsion slot (x2) 3498 | -8/Materials | Reached level 7 3582 | -8/Materials | Upgraded with Utility slot (x1) 3718 | -8/Materials | Central database locked down 3849 | -8/Materials | Discovered new exit (range 14) 3868 | -8/Materials | Identified exit to Factory 3987 | -8/Materials | Reached level 8 4133 | -8/Materials | Discovered exit to Factory (range 8) 4731 | -8/Materials | Reached level 9 4760 | -8/Materials | Upgraded with Utility slot (x1) 4810 | -8/Materials | Discovered exit to Factory (range 10) 5068 | -8/Materials | Build established: Hacker-Skirmisher 5241 | -8/Materials | Reached level 10 5251 | -8/Materials | Upgraded with Utility slot (x1) 5455 | -8/Materials | Entered Factory 5456 | -7/Factory | Identified exit to Lower Caves 5457 | -7/Factory | Reached level 11 5459 | -7/Factory | Identified exit to DSF 6336 | -7/Factory | Discovered new exit (range 7) 6345 | -7/Factory | Identified exit to Factory 6847 | -7/Factory | Reached level 12 8106 | -7/Factory | Reached level 13 8138 | -7/Factory | Upgraded with Utility slot (x1) 8679 | -7/Factory | Discovered exit to Factory (range 15) 8721 | -7/Factory | Reached level 14 9572 | -7/Factory | Fabricated Cld. VTOL Module? 9846 | -7/Factory | Fabricated Cld. VTOL Module (x1) 10155 | -7/Factory | Fabricated Cld. VTOL Module (x1) 10275 | -7/Factory | Reached level 15 10304 | -7/Factory | Fabricated Cld. VTOL Module (x1) 10308 | -7/Factory | Discovered new exit (range 6) 10309 | -7/Factory | Identified exit to Storage 10457 | -7/Factory | Build established: Hacker-Scout 10468 | -7/Factory | Entered another Factory area 10470 | -6/Factory | Reached level 16 10484 | -6/Factory | Identified exit to DSF 10484 | -6/Factory | Entered DSF 10486 | -6/DSF | Reached level 17 10507 | -6/DSF | Additional patrols routed to DSF 10577 | -6/DSF | Discovered new exit (range 16) 10603 | -6/DSF | Identified exit to Factory 10603 | -6/DSF | Entered Factory 10605 | -5/Factory | Reached level 18 10814 | -5/Factory | Fabricated Adv. Hacking Suite (x1) 10868 | -5/Factory | Fabricated Adv. Hacking Suite (x1) 10896 | -5/Factory | Reached level 19 10902 | -5/Factory | Upgraded with Utility slot (x1) 10902 | -5/Factory | Upgraded with Weapon slot (x1) 10935 | -5/Factory | Discovered new exit (range 9) 10937 | -5/Factory | Identified exit to Upper Caves 11140 | -5/Factory | Central database locked down 11273 | -5/Factory | Fabricated Adv. Hacking Suite (x1) 11296 | -5/Factory | Reached level 20 11503 | -5/Factory | First assault squad dispatched 11548 | -5/Factory | Entered Upper Caves 11646 | -5/Upper Caves | Attracted the attention of an 0b10 base 11663 | -5/Upper Caves | Reached level 21 11704 | -5/Upper Caves | Learned location of 1 exit from Research 11704 | -5/Upper Caves | Learned Research trap positions 11704 | -5/Upper Caves | Learned Factory terminal intel 11708 | -5/Upper Caves | Destroyed 7 combat bots 11786 | -5/Upper Caves | Spotted B-75 Beast 11809 | -5/Upper Caves | Destroyed B-75 Beast 11844 | -5/Upper Caves | Build established: Wizard-Sprinter 11932 | -5/Upper Caves | Acquired the password to a Derelict Tinkerer's latest research 11936 | -5/Upper Caves | Found Prototype Special Weapon 11936 | -5/Upper Caves | Identified Molecular Deconstructor 11944 | -5/Upper Caves | Discovered new exit (range 14) 11949 | -5/Upper Caves | Identified exit to Upper Caves 11949 | -5/Upper Caves | Entered another Upper Caves area 11959 | -5/Upper Caves | Attracted the attention of an 0b10 checkpoint 11962 | -5/Upper Caves | Discovered new exit (range 13) 11995 | -5/Upper Caves | Identified exit to Factory 12065 | -5/Upper Caves | Attracted the attention of an 0b10 outpost 12181 | -5/Upper Caves | Discovered new exit (range 12) 12183 | -5/Upper Caves | Learned 12 Factory zone layouts 12188 | -5/Upper Caves | Identified exit to Warlord 12278 | -5/Upper Caves | Entered Warlord 12288 | -5/Warlord | System corruption cleaned by Quarantine Array 12408 | -5/Warlord | Visited the Vortex Lab 12425 | -5/Warlord | Reached level 22 12425 | -5/Warlord | Warlord's base attacked by MAIN.C 12425 | -5/Warlord | Upgraded with Weapon slot (x1) 12463 | -5/Warlord | Met Warlord 12491 | -5/Warlord | Found Prototype Energy Gun 12491 | -5/Warlord | Identified Vortex Rifle 12494 | -5/Warlord | Found Prototype Energy Cannon 12494 | -5/Warlord | Identified Vortex Driver 12496 | -5/Warlord | Found Prototype Energy Cannon 12496 | -5/Warlord | Identified Vortex Cannon 12775 | -5/Warlord | Warlord forces counterattacked 12836 | -5/Warlord | Spotted Executioner 12857 | -5/Warlord | Spotted Striker 12857 | -5/Warlord | Spotted Executioner 12860 | -5/Warlord | Lost 11 allies 12880 | -5/Warlord | Discovered new exit (range 15) 12905 | -5/Warlord | Lost 3 allies 12907 | -5/Warlord | Identified exit to Proximity Caves 12907 | -5/Warlord | Entered Proximity Caves 12907 | -4/Proximity Caves | Learned Research emergency access door positions 12949 | -4/Proximity Caves | Spotted B-86 Titan 12982 | -4/Proximity Caves | Destroyed B-86 Titan 12993 | -4/Proximity Caves | Reached level 23 12997 | -4/Proximity Caves | Upgraded with Weapon slot (x1) 13100 | -4/Proximity Caves | Discovered exit to Factory (range 12) 13103 | -4/Proximity Caves | Entered Factory 13105 | -4/Factory | Loaded intel: 28 terminal locations 13105 | -4/Factory | Reached level 24 13232 | -4/Factory | Core integrity fell below 50% 13318 | -4/Factory | Discovered new exit (range 6) 13319 | -4/Factory | Identified exit to Extension 13370 | -4/Factory | Discovered new exit (range 10) 13378 | -4/Factory | Identified exit to Upper Caves 13390 | -4/Factory | Build established: Wizard-Scout 13464 | -4/Factory | Fabricated Cld. Nuclear Pulse Thruster (x1) 13473 | -4/Factory | Found Prototype Processor 13473 | -4/Factory | Identified Exp. Signal Interpreter 13668 | -4/Factory | Discovered new exit (range 14) 13671 | -4/Factory | Identified exit to Research 13699 | -4/Factory | Fabricated Cld. Nuclear Pulse Thruster? 14045 | -4/Factory | Entered Research 14045 | -3/Research | Accompanied by 1 ally 14046 | -3/Research | Identified exit to Testing 14046 | -3/Research | Core integrity fell below 50% 14047 | -3/Research | Loaded intel: 92 trap records 14047 | -3/Research | Reached level 25 14047 | -3/Research | Upgraded with Utility slot (x1) 14081 | -3/Research | Reached level 26 14097 | -3/Research | Found Prototype Hackware 14097 | -3/Research | Identified Exp. System Shield 14401 | -3/Research | Found Prototype Processor 14401 | -3/Research | Identified Exp. Target Analyzer 14512 | -3/Research | Reached level 27 14545 | -3/Research | First assault squad dispatched 14764 | -3/Research | Spotted B-86 Titan 14797 | -3/Research | Destroyed B-86 Titan 14916 | -3/Research | Identified exit to Research 14926 | -3/Research | Found Fusion Bomb Launcher 15012 | -3/Research | Entered another Research area 15012 | -2/Research | Warlord forces began assault on 0b10 15013 | -2/Research | Core integrity fell below 50% 15014 | -2/Research | Reached level 28 15014 | -2/Research | Reached level 29 15020 | -2/Research | Destroyed 8 combat bots 15122 | -2/Research | Research machine network offline 15281 | -2/Research | Discovered new exit (range 9) 15282 | -2/Research | Reached level 30 15282 | -2/Research | Met up with Warlord 15403 | -2/Research | Discovered new exit (range 4) 15557 | -2/Research | Borebot progress halted 15598 | -2/Research | Spotted B-90 Cyclops 15603 | -2/Research | Destroyed B-90 Cyclops 15674 | -2/Research | Lost 9 allies 15705 | -2/Research | Spotted Striker 15769 | -2/Research | Spotted B-90 Cyclops 15795 | -2/Research | Destroyed B-90 Cyclops 15827 | -2/Research | Discovered new exit (range 7) 15906 | -2/Research | Borebot progress halted 15909 | -2/Research | Spotted Striker 15915 | -2/Research | Spotted Striker 15964 | -2/Research | Destroyed Striker 15971 | -2/Research | Reached level 31 15993 | -2/Research | Discovered new exit (range 11) 16003 | -2/Research | Spotted Executioner 16005 | -2/Research | Destroyed Executioner 16012 | -2/Research | Warlord invited to help at Command 16032 | -2/Research | Spotted Striker 16049 | -2/Research | Identified exit to Access 16072 | -2/Research | Lost 7 allies 16122 | -2/Research | Identified exit to Quarantine 16163 | -2/Research | Entered Access 16165 | -1/Access | Reached level 32 16165 | -1/Access | Upgraded with Utility slot (x1) 16230 | -1/Access | Destroyed 7 combat bots 16289 | -1/Access | Reached level 33 16376 | -1/Access | Destroyed 10 combat bots 16413 | -1/Access | First assault squad dispatched 16787 | -1/Access | Reached level 34 16881 | -1/Access | Spotted B-99 Colossus 16941 | -1/Access | Garrison activated, responded to threat 16943 | -1/Access | Core integrity fell below 50% 16987 | -1/Access | Destroyed 9 combat bots 17052 | -1/Access | Core integrity fell below 20% 17055 | -1/Access | System corruption reached 10% 17171 | -1/Access | Energy Cycler disabled 17182 | -1/Access | Identified exit to Surface 17184 | -1/Access | Spotted B-99 Colossus 17184 | -1/Access | Spotted B-99 Colossus 17191 | -1/Access | Destroyed by B-99 Colossus with Linear Accelerator Last Messages --------------- 17171_ ALERT: Power surge detected, dispatching additional patrols. 17171_ Energy Cycler explodes. 17171_ Slug penetrates Wall. 17182_ Connecting with Terminal... >>Access(Main) Found 1 level access point to Surface: (88,265) Map updated. 17184_ Slug penetrates Wall. 17184_ Acquired 7 matter. 17187_ Knocked back. 17187_ Slug penetrates Wall. 17187_ Terminal disabled. 17187_ Slug penetrates Wall. 17187_ Slug penetrates Terminal. 17190_ Slug penetrates Sealed Heavy Doors. 17190_ Penetrated by Slug. [Achievement: 20k Club] [Achievement: 30k Club] [Achievement: Punisher] Map ----- +----------------------------------------------------+ | ?????????????????????????????????????????# | | ?????????????????????????????????????????# | | ?????????????????????????????????????????# | | ??????????????????????????????????????#### | | ?????????????????????????????????????? # | | ????????????????????????????????? ?? # | | ????????????????????????????????? ? # #### | | ????????????????????????????????# ? # #??? | | ????????????????????????????????# ? # #??? | | ????????????????????????????????# " # #??? | | ????????????????????????????????# """ # #??? | | ??u?????????????????????????????# """ # #??? | | ????????????????????????????????# " # #### | | ????????????????????????????????# # # | | ????????????????????????????????# # # | | ????????????????????????????????# "" # # | | ????????????????????????????????# """ # # | | ????????????????????????????????# "T # # | | ??R?????????????????????????????# "" # # | | ????????????????????????######### "" + + | | ????????????????????????" # # + | | ????????????????????????" BB ; # # | | ????????????????????????" BB ;#;####### # | | ????????????????????????" % # | | ????????????????????????" # | | ????????????????